 Dungeon Crawl Stone Soup version 0.22.1-1-ga44c0e5 (webtiles) character file.

4441 MalarOregon the Carver (level 10, -14/90 HPs)
             Began as a Minotaur Berserker on Sept 21, 2018.
             Was a High Priest of Trog.
             Killed from afar by an ice statue (29 damage)
             ... with a bolt of cold
             ... in an ice cave.
             The game lasted 00:10:29 (6918 turns).

MalarOregon the Carver (Minotaur Berserker)         Turns: 6918, Time: 00:10:30

Health: -14/90     AC:  6    Str: 25    XL:     10   Next: 15%
Magic:  9/9        EV: 21    Int:  4    God:    Trog [*****.]
Gold:   611        SH:  0    Dex: 14    Spells: 9/9 levels left

rFire    . . .     SeeInvis .   d - +0 great sword
rCold    . . .     Gourm    .   (shield currently unavailable)
rNeg     . . .     Faith    .   x - +0 troll leather armour {Purgy}
rPois    .         Spirit   .   (helmet restricted)
rElec    .         Reflect  .   (no cloak)
rCorr    .         Harm     .   k - +0 pair of gloves
MR       .....                  (no boots)
Stlth    +.........             m - amulet of regeneration
HPRegen  1.05/turn              i - +5 ring of evasion
MPRegen  0.11/turn              l - +4 ring of dexterity

@: no status effects
A: retaliatory headbutt, horns 2
a: Berserk, Trog's Hand, Brothers in Arms, Renounce Religion


You were in an ice cave.
You worshipped Trog.
Trog was extremely pleased with you.
You were not hungry.

You visited 1 branch of the dungeon, and saw 10 of its levels.
You also visited: Sewer and Ice Cave.

You collected 611 gold pieces.

Inventory:

Hand Weapons
 d - a +0 great sword (weapon)
   (You took it off a wight on level 6 of the Dungeon)
Missiles
 c - 86 bolts
Armour
 k - a +0 pair of gloves (worn)
   (You found it on level 2 of the Dungeon)
 x - a +0 troll leather armour (worn) {Purgy}
   (You found it in a sewer)
Jewellery
 i - a +5 ring of evasion (left hand)
   (You found it on level 2 of the Dungeon)
 l - a +4 ring of dexterity (right hand)
   (You took it off an orc priest on level 4 of the Dungeon)
 m - an amulet of regeneration (around neck)
   (You found it on level 2 of the Dungeon)
 z - an uncursed ring of see invisible
   (You found it on level 8 of the Dungeon)
Wands
 u - a wand of paralysis (8)
   (You took it off a centaur on level 5 of the Dungeon)
 v - a wand of digging (14)
   (You found it on level 9 of the Dungeon)
Scrolls
 g - 9 scrolls of identify {@r1}
 h - a scroll of magic mapping {unknown}
 j - 2 scrolls of enchant armour {unknown}
 r - 3 scrolls of teleportation {unknown}
 s - 4 scrolls of remove curse {@r2}
 t - 2 scrolls of holy word {unknown}
 y - 2 scrolls of amnesia {unknown}
 A - a scroll of fear
 D - a scroll of enchant weapon {unknown}
 E - 2 scrolls of blinking {unknown}
 F - a scroll of immolation {unknown}
Potions
 a - a potion of magic {unknown}
 b - 2 potions of haste {unknown}
 f - 3 potions of heal wounds {unknown}
 n - 2 potions of cancellation {unknown}
 o - 3 potions of curing {@q1}
 p - 3 potions of flight {unknown}
 q - 2 potions of mutation {unknown}
 w - 5 potions of degeneration {unknown}
Comestibles
 e - 11 rations {!d}
 C - 4 chunks of flesh


   Skills:
 + Level 8.8 Fighting
 * Level 11.5 Long Blades
 + Level 8.2 Armour
 + Level 7.6 Dodging


You had 9 spell levels left.
You didn't know any spells.
Your spell library was empty.

Dungeon Overview and Level Annotations

Branches:
Dungeon (11/15)            Temple (0/1) D:7            Lair (0/6) D:9
    Orc: D:9-12

Altars:
Ashenzari
Cheibriados
Fedhas
Hepliaklqana
Okawaru
Qazlal
Sif Muna
Uskayaw
Wu Jian
Xom
Beogh

Shops:
D:6 !

Annotations:
IceCv exclusion: 2 ice statues


Innate Abilities, Weirdness & Mutations

You reflexively headbutt those who attack you in melee.
You have a pair of horns on your head.


Message History

The ufetubus completely misses you.
The ufetubus hits you but does no damage.
You barely miss the ufetubus. Your headbutt misses the ufetubus.
The ufetubus closely misses you. x2
You hit the ufetubus.
You kill the ufetubus!
Trog accepts your kill.
You start resting.
You start waiting.
Some of the chunks of flesh in your inventory have rotted away.
An ice devil comes into view.
You slash the ice devil!
You headbutt the ice devil, but do no damage.
The ice devil completely misses you. You furiously retaliate!
You headbutt the ice devil!
You riposte.
You slash the ice devil!
You headbutt the ice devil, but do no damage.
You closely miss the ice devil. The ice devil misses you.
You slice the ice devil!!
You kill the ice devil!
Trog accepts your kill.
You are feeling hungry.
Unknown command.
Eating one of 6 chunks of flesh.
You eat one of the 6 chunks of flesh.
You see here a -2 ring of evasion.
Really walk into that cloud of freezing vapour?
You are engulfed in freezing vapours.
You enter the shallow water.
Moving in this stuff is going to be slow.
You are engulfed in freezing vapours.
You are engulfed in freezing vapours.
* * * LOW HITPOINT WARNING * * *
2 ice statues come into view.
You are engulfed in freezing vapours.
* * * LOW HITPOINT WARNING * * *
You start resting.
Some of the chunks of flesh in your inventory have rotted away.
You are engulfed in freezing vapours.
* * * LOW HITPOINT WARNING * * *
Really walk into a travel-excluded area?
The ice statue gestures.
The ice statue gestures at you. The freezing blast misses you.
You slash the ice statue! Your headbutt misses the ice statue.
You are engulfed in freezing vapours.
* * * LOW HITPOINT WARNING * * *
The ice statue gestures.
You are engulfed in freezing vapours.
* * * LOW HITPOINT WARNING * * *
The ice statue gestures at you. The bolt of cold hits you!
You die...

#...§## ##..§§§## ###
8...§§§# ..######
##..§...# ...##..##
###.§Y....#
........###§§§§.....##
.∩.......#.§§§§Y§.§§§#
.....##..=.##§§§§.§§§#
...#####..####§.@.§§§#
..## #### #8§§§.§§##
### ####§#§## #####


You could see 2 ice statues and 2 ice beasts.

Vanquished Creatures
  Erolcha (D:9)
  2 rime drakes (D:11)
  An ice devil (IceCv)
  Prince Ribbit (D:5)
  An ice beast (D:4)
  An orc warrior (D:7)
  Purgy (Sewer)
  A sky beast (D:8)
  2 ogres
  5 centaurs
  A bullfrog (D:6)
  A scorpion (D:5)
  3 killer bees (D:7)
  3 wights (D:6)
  2 howler monkeys (D:4)
  7 hounds
  A bullfrog zombie (D:5)
  3 crimson imps
  A jelly (D:5)
  A bullfrog skeleton (D:6)
  5 orc priests
  2 centaur skeletons
  Jessica (D:2)
  8 orc wizards
  8 worker ants
  A hound zombie (D:6)
  2 hound skeletons
  A howler monkey zombie (D:11)
  A howler monkey skeleton (D:6)
  7 gnolls
  6 adders
  A shadow imp (D:5)
  4 white imps (IceCv)
  An ufetubus (IceCv)
  7 oozes
  2 adder skeletons
  2 adder zombies
  2 worms
  3 dart slugs
  7 leopard geckos
  20 orcs
  10 bats
  4 giant cockroaches
  10 goblins
  12 hobgoblins
  19 jackals
  4 kobolds
  5 quokkas
  2 ball pythons
  6 frilled lizards
  A giant cockroach zombie (D:5)
  6 rats
209 creatures vanquished.

Vanquished Creatures (others)
  A white imp (IceCv)
  7 ufetubi (IceCv)
8 creatures vanquished.

Grand Total: 217 creatures vanquished

Notes
Turn   | Place    | Note
-------+----------+-------------------------------------------
     0 | D:1      | MalarOregon the Minotaur Berserker began the quest for the
                  | Orb.
     0 | D:1      | Reached XP level 1. HP: 19/19 MP: 0/0
   118 | D:1      | You fall through a shaft!
   146 | D:1      | Reached XP level 2. HP: 26/27 MP: 1/1
   183 | D:1      | Reached skill level 4 in Long Blades
   313 | D:1      | Reached ** piety under Trog
   632 | D:2      | Reached XP level 3. HP: 31/33 MP: 2/2
  1034 | D:2      | Reached XP level 4. HP: 40/40 MP: 3/3
  1060 | D:2      | Noticed Jessica
  1072 | D:2      | Killed Jessica
  1399 | D:3      | Found a stormy altar of Qazlal.
  1427 | D:3      | Reached skill level 5 in Long Blades
  1703 | D:3      | Reached XP level 5. HP: 47/47 MP: 4/4
  1768 | D:3      | Found a roughly hewn altar of Beogh.
  1870 | D:3      | Reached *** piety under Trog
  1923 | D:3      | Found a glowing drain.
  1936 | Sewer    | Entered a sewer
  2023 | Sewer    | Noticed Purgy
  2029 | Sewer    | Killed Purgy
  2029 | Sewer    | Reached skill level 5 in Fighting
  2029 | Sewer    | Reached skill level 6 in Long Blades
  2029 | Sewer    | Reached XP level 6. HP: 56/56 MP: 5/5
  2542 | D:4      | Reached XP level 7. HP: 61/61 MP: 6/6
  2640 | D:4      | Reached skill level 7 in Long Blades
  2767 | D:4      | Reached skill level 5 in Armour
  2782 | D:4      | Reached **** piety under Trog
  3070 | D:5      | Entered Level 5 of the Dungeon
  3125 | D:5      | Reached skill level 5 in Dodging
  3125 | D:5      | Reached XP level 8. HP: 67/70 MP: 7/7
  3191 | D:5      | Reached skill level 8 in Long Blades
  3301 | D:5      | You fall through a shaft for 2 floors!
  3421 | D:6      | Found a shattered altar of Ashenzari.
  3430 | D:6      | Found Xydob's Distillery.
  3546 | D:5      | Noticed Prince Ribbit
  3548 | D:5      | Found an iron altar of Okawaru.
  3821 | D:5      | Reached skill level 9 in Long Blades
  3835 | D:5      | Reached ***** piety under Trog
  4200 | D:5      | Killed Prince Ribbit
  4472 | D:5      | Found an iron altar of Okawaru.
  4871 | D:6      | Found a deep blue altar of Sif Muna.
  4898 | D:6      | Reached XP level 9. HP: 79/79 MP: 8/8
  5617 | D:7      | Found a snail-covered altar of Cheibriados.
  5617 | D:7      | Found a hide-covered altar of Uskayaw.
  5652 | D:7      | Found a staircase to the Ecumenical Temple.
  5769 | D:8      | Reached skill level 10 in Long Blades
  5888 | D:8      | Found a blossoming altar of Fedhas.
  5936 | D:8      | Found a hazy altar of Hepliaklqana.
  5937 | D:8      | Found a shimmering altar of Xom.
  5938 | D:8      | Noticed a spectral ugly thing
  6038 | D:8      | Found an ornate altar of the Wu Jian Council.
  6125 | D:9      | Noticed Erolcha
  6130 | D:9      | Killed Erolcha
  6180 | D:9      | Reached skill level 11 in Long Blades
  6345 | D:9      | Found a staircase to the Lair.
  6675 | D:9      | You fall through a shaft for 2 floors!
  6734 | D:11     | Found a frozen archway.
  6734 | D:11     | Noticed a rime drake
  6734 | D:11     | Noticed a rime drake
  6738 | D:11     | Killed a rime drake
  6738 | D:11     | Reached XP level 10. HP: 58/90 MP: 9/9
  6749 | IceCv    | Entered an ice cave
  6888 | IceCv    | Noticed an ice statue
  6888 | IceCv    | Noticed an ice statue
  6918 | IceCv    | Killed from afar by an ice statue

Skill      XL: |  1  2  3  4  5  6  7  8  9 |
---------------+----------------------------+-----
Long Blades    | 4 5 6 7 9 11 | 11.5
Fighting       | 4 5 6 7 8 |  8.8
Armour         | 3 4 5 6 8 |  8.2
Dodging        | 3 4 5 6 7 |  7.6

Action                   |  1- 3 |  4- 6 |  7- 9 | 10-12 || total
-------------------------+-------+-------+-------+-------++-------
Melee: Falchion          |    64 |   112 |   149 |       ||   325
       Headbutt          |     9 |    24 |    64 |     5 ||   102
       Great sword       |       |       |    72 |    17 ||    89
Invok: Berserk           |       |     3 |     6 |       ||     9
  Use: Scroll            |       |       |     6 |     1 ||     7
  Eat: Chunk             |       |     6 |    18 |     1 ||    25
       Ration            |       |     1 |       |       ||     1
Armor: Animal skin       |    17 |     2 |       |       ||    19
       Leather armour    |       |    18 |       |       ||    18
       Troll leather arm |       |     3 |    42 |     2 ||    47
Dodge: Dodged            |    48 |   104 |   241 |    17 ||   410
       Rpst.: Falchion   |    13 |    21 |    39 |       ||    73
       Great sword       |       |       |    26 |     2 ||    28
